 Dungeon Crawl Stone Soup version 0.25.0-41-g26779e291d (webtiles) character file.

Game seed: 1185503458731173599

25 Kold the Shield-Bearer (level 3, -2/29 HPs)
             Began as a Formicid Fighter on July 10, 2020.
             Slain by Sigmund
             ... wielding a +0 scythe
              (10 damage)
             ... on level 2 of the Dungeon.
             The game lasted 00:01:22 (1157 turns).

Kold the Shield-Bearer (Formicid Fighter)           Turns: 1157, Time: 00:01:22

Health: -2/29      AC:  6    Str: 21    XL:     3   Next: 20%
Magic:  3/3        EV:  8    Int:  7    God:
Gold:   28         SH:  0    Dex: 10    Spells: 2/2 levels left

rFire    . . .     SeeInvis +   a - +0 war axe
rCold    . . .     Gourm    .   c - +0 kite shield
rNeg     . . .     Faith    .   b - +0 scale mail
rPois    .         Spirit   .   (helmet unavailable)
rElec    .         Reflect  .   (no cloak)
rCorr    .         Harm     .   (no gloves)
MR       .....                  (no boots)
Stlth    ..........             (no amulet)
HPRegen  0.09/turn              (no ring)
MPRegen  0.08/turn              (no ring)

@: confused
A: permanent stasis, dig shafts and tunnels, four strong arms, antennae 3
a: Dig, Shaft Self


You were on level 2 of the Dungeon.
You were hungry.

You visited 1 branch of the dungeon, and saw 2 of its levels.

You collected 28 gold pieces.

Inventory:

Hand Weapons
 a - a +0 war axe (weapon)
Armour
 b - a +0 scale mail (worn)
 c - a +0 kite shield (worn)
Scrolls
 e - 2 scrolls of enchant armour {unknown}
 i - a scroll of identify {unknown}
 j - a scroll of fear {unknown}
Potions
 d - a potion of might
 h - a potion of lignification {unknown}
Comestibles
 f - 3 rations


   Skills:
 - Level 3.3 Fighting
 + Level 2.7 Axes
 - Level 3.3 Armour
 + Level 4.3 Shields


You had 2 spell levels left.
You didn't know any spells.
Your spell library was empty.

Dungeon Overview and Level Annotations

Branches:
Dungeon (2/15)

Altars:

Annotations:
D:2 Sigmund


Innate Abilities, Weirdness & Mutations

You cannot be hasted, slowed, berserked, paralysed or teleported.
You can dig through walls and to a lower floor.
Your four strong arms can wield two-handed weapons with a shield.
You have a pair of large antennae on your head. (SInv)


Message History

You block the puff of flame.
You closely miss Sigmund. Sigmund hits you with a +0 scythe!
You closely miss Sigmund. You block Sigmund's attack.
Your shield and scale mail prevent you from hitting Sigmund.
Sigmund says, "I'm your fate." Sigmund hits you but does no damage.
You closely miss Sigmund. You block Sigmund's attack.
You barely miss Sigmund. Sigmund closely misses you.
You slash Sigmund!
Sigmund is moderately wounded.
Sigmund's eyes start glowing with a red light.
Sigmund barely misses you.
You closely miss Sigmund.
Sigmund is moderately wounded.
Sigmund casts a spell at you.
You are confused.
Sigmund hits you from afar with a +0 scythe!
* * * LOW HITPOINT WARNING * * *
Sigmund hits you from afar with a +0 scythe!
You die...

#..........#
#......).#
##........##
##.........<# ##
#...........#
...#...........###
..........$.......
#........$...###
##....@......##
#...........##
#..#..>@........ #
#.....########
#...... #....... {
....##...# .#.#
..... .. ..##.


You could see Sigmund (invisible).

Vanquished Creatures
  A dart slug (D:1)
  2 giant cockroaches (D:1)
  6 goblins (D:1)
  A hobgoblin (D:1)
  3 jackals (D:1)
  2 bats (D:1)
  A frilled lizard (D:1)
  3 kobolds
  A rat (D:1)
20 creatures vanquished.

Notes
Turn   | Place    | Note
-------+----------+-------------------------------------------
     0 | D:1      | Kold the Formicid Fighter began the quest for the Orb.
     0 | D:1      | Reached XP level 1. HP: 18/18 MP: 1/1
   279 | D:1      | Reached XP level 2. HP: 24/24 MP: 2/2
   293 | D:1      | Reached skill level 4 in Shields
   667 | D:1      | Reached XP level 3. HP: 27/29 MP: 3/3
  1142 | D:2      | Noticed Sigmund
  1157 | D:2      | Slain by Sigmund

Illustrated notes

Levels and vault maps discovered:
D:1:      psy_arrival_dodecagon, layout_loops_corners,
          chequers_serial_rivers_room_a, minmay_large_rounded_square,
          nrook_mini_backslash
D:2:      layout_rooms, uniq_sigmund

Skill      XL: |  1  2 |
---------------+-------+-----
Shields        | 4 |  4.3
Fighting       | |  3.3
Axes           | |  2.7
Armour         | |  3.3

Action                   || total
-------------------------++-------
Melee: War axe           ||    78
 Abil: Dig               ||     1
Armor: Scale mail        ||    32
Dodge: Dodged            ||    34
Block: Kite shield       ||    47
